 Dungeon Crawl Stone Soup version 0.25-a0-661-g55ea3d2053 (webtiles) character file.

Game seed: 14827039353057476320, levelgen mode: deterministic

1 Esekla the Stinger (level 1, 0/11 HPs)
             Began as an Octopode Venom Mage on Mar 23, 2020.
             Slain by a hobgoblin (1 damage)
             ... on level 1 of the Dungeon.
             The game lasted 00:01:03 (106 turns).

Esekla the Stinger (Octopode Venom Mage)             Turns: 106, Time: 00:01:05

Health: 0/11       AC:  1    Str:  7    XL:     1   Next: 20%
Magic:  3/3        EV: 13    Int: 17    God:
Gold:   10         SH:  0    Dex: 12    Spells: 3/4 levels left

rFire    . . .     SeeInvis .   d - +0 short sword
rCold    . . .     Gourm    .   (no shield)
rNeg     . . .     Faith    .   (helmet restricted)
rPois    .         Spirit   .   (no amulet)
rElec    .         Reflect  .   c - ring of protection from magic
rCorr    .         Harm     .   (no ring)
MR       +....                  (no ring)
Stlth    +++.......             (no ring)
HPRegen  0.03/turn              (no ring)
MPRegen  0.08/turn              (no ring)
                                (no ring)
                                (no ring)

@: no status effects
A: almost no armour, stealthy swim, amphibious, 8 rings, constrict 8, camouflage
1, gelatinous body 1
a: no special abilities


You were on level 1 of the Dungeon.
You were not hungry.

You visited 1 branch of the dungeon, and saw 1 of its levels.

You collected 10 gold pieces.

Inventory:

Hand Weapons
 d - a +0 short sword (weapon)
Jewellery
 c - a ring of protection from magic (left tentacle)
Scrolls
 a - a scroll of identify {unknown}
Comestibles
 b - a ration


   Skills:
 * Level 2.0 Dodging
 + Level 2.7 Stealth
 * Level 2.0 Spellcasting
 - Level 1.0 Transmutations
 + Level 3.6 Poison Magic


You had 3 spell levels left.
You knew the following spells:

 Your Spells              Type           Power        Failure   Level  Hunger
a - Sting                 Tmut/Pois      #...         8%          1    #......

Your spell library contained the following spells:

 Spells                   Type           Power        Failure   Level  Hunger
 Poisonous Vapours        Pois/Air       #.....       14%         2    ###....
 Ignite Poison            Fire/Tmut/Pois #.......     30%         3    ###....
 Mephitic Cloud           Conj/Pois/Air  #.......     34%         3    ###....
 Olgreb's Toxic Radiance  Pois           ##......     38%         4    #####..


Dungeon Overview and Level Annotations

Branches:
Dungeon (1/15)

Altars:


Innate Abilities, Weirdness & Mutations

You cannot wear most types of armour.
You are very stealthy in the water. (Stealth+)
You are amphibious.
You can wear up to eight rings at the same time.
You can use your tentacles to constrict eight enemies at once.
Your skin changes colour to match your surroundings (Stealth+).
Your rubbery body absorbs attacks. (AC +1, EV +1)


Message History

You tentacle-slap the kobold but do no damage.
You constrict the kobold. The kobold misses you.
You tentacle-slap the kobold.
The kobold is severely wounded.
You constrict the kobold.
You kill the kobold!
Things that are here:
a +0 short sword; a stone; a kobold corpse
d - a +0 short sword A hobgoblin comes into view.
Things that are here:
a stone; a kobold corpse
d - a +0 short sword (weapon)
You hit the hobgoblin. You grab the hobgoblin.
The hobgoblin is moderately wounded.
You constrict the hobgoblin, but do no damage.
The hobgoblin hits you.
* * * LOW HITPOINT WARNING * * *
The hobgoblin hits you.
You die...

#. #... #### .# #...
..##.#### ###'#
#.#.##≈.###....
#.#.#≈≈..#.....
#####...#≈≈..'...<.
#.....#.#≈≈..#.....
#.##.###.#[##≈.###....
#....@g..##.#### ###'#
#.##.###.##.## #...
... ..###.#### #...
#.##. ##.# ##...####+#
# .. #.# ####...... ##
#.# ####### #.# ..#


You could see a hobgoblin.

Vanquished Creatures
  A kobold (D:1)
1 creature vanquished.

Notes
Turn   | Place    | Note
-------+----------+-------------------------------------------
     0 | D:1      | Esekla the Octopode Venom Mage began the quest for the Orb.
     0 | D:1      | Reached XP level 1. HP: 11/11 MP: 3/3
   106 | D:1      | Slain by a hobgoblin

Levels and vault maps discovered:
D:1:      dpeg_arrival_another_circle, layout_loops_corners

Action                   || total
-------------------------++-------
Melee: Unarmed           ||     3
       Constrict         ||     2
       Short sword       ||     1
Dodge: Dodged            ||     2

Table legend:
 A = Non-vault XP
 B = Vault XP
 C = Vault XP percentage of total XP
 D = Non-vault monster count
 E = Vault monster count
 F = Vault count percentage of total count
                 A         B        C        D         E       F
            +---------+---------+-------+---------+---------+-------
      Total |       2 |       0 |   0.0 |       1 |       0 |   0.0
            +---------+---------+-------+---------+---------+-------
        D:1 |       2 |       0 |   0.0 |       1 |       0 |   0.0
            +---------+---------+-------+---------+---------+-------
